 Dungeon Crawl Stone Soup version 0.27-a0-681-g0c81a3c1c3 (webtiles) character file.

Game seed: 14863439875242507724

1640 night the Grappler (level 8, -2/59 HPs)
             Began as a Yellow Draconian Transmuter on Mar 19, 2021.
             Was an Initiate of Gozag.
             Slain by an orc warrior
             ... wielding a +0 flail
              (16 damage)
             ... on level 5 of the Dungeon.
             The game lasted 00:13:05 (6250 turns).

night the Grappler (Yellow Draconian Transmuter)    Turns: 6250, Time: 00:13:06

Health: -2/59      AC:  8    Str: 13    XL:     8   Next: 66%
Magic:  11/11      EV: 12    Int: 15    God:    Gozag
Gold:   265        SH:  5    Dex: 12    Spells: 5/11 levels left

rFire    . . .     SeeInvis .     - Unarmed
rCold    . . .     Faith    .   (no shield)
rNeg     . . .     Spirit   .   (armour unavailable)
rPois    .         Reflect  +   (helmet restricted)
rElec    .         Harm     .   (no cloak)
rCorr    +         Rampage  .   (no gloves)
Will     .....                  e - +1 pair of boots
Stlth    +.........             j - amulet of reflection
HPRegen  0.19/turn              (no ring)
MPRegen  0.12/turn              (no ring)

@: short of breath, gold aura
A: spit acid, AC +6, unfitting armour, cold-blooded, acid resistance
a: Breathe Acid, Renounce Religion, Potion Petition, Call Merchant, Bribe Branch


You were on level 5 of the Dungeon.
You worshipped Gozag.
Gozag was aware of your devotion.
You visited 1 branch of the dungeon, and saw 5 of its levels.

You collected 300 gold pieces.
You paid 35 gold pieces to Gozag.

Inventory:

Hand Weapons
 q - a +0 hunting sling
Missiles
 b - 99 arrows
 f - 171 stones
 h - 20 sling bullets
 l - 36 bolts
 p - 7 datura-tipped darts
Armour
 e - a +1 pair of boots (worn)
Jewellery
 a - a ring of protection from cold
 j - an amulet of reflection (around neck)
Wands
 r - a wand of polymorph (8)
Scrolls
 n - 2 scrolls of teleportation
Potions
 c - a potion of might
 d - 2 potions of curing
 g - 2 potions of haste {unknown}
 i - 4 potions of lignification


   Skills:
 - Level 1.1 Fighting
 - Level 1.7 Dodging
 * Level 9.5 Unarmed Combat
 - Level 2.0 Spellcasting
 + Level 6.6 Transmutations


You had 5 spell levels left.
You knew the following spells:

 Your Spells              Type           Power      Damage    Failure   Level
a - Beastly Appendage     Tmut           42%        N/A       1%          1
b - Wereblood             Tmut           21%        N/A       2%          2
c - Spider Form           Tmut/Pois      5%         N/A       17%         3

Your spell library contained the following spells:

 Spells                   Type           Power      Damage    Failure   Level
 Animate Skeleton         Necr           2%         N/A       22%         1
 Corona                   Hex            1%         N/A       22%         1
 Pain                     Necr           4%         1d4       22%         1
 Slow                     Hex            1%         N/A       32%         2
 Blade Hands              Tmut           10%        N/A       38%         5
 Ice Form                 Ice/Tmut       11%        N/A       50%         4
 Inner Flame              Hex/Fire       1%         N/A       54%         3
 Portal Projectile        Hex/Tloc       2%         N/A       54%         3
 Vampiric Draining        Necr           0%         2d6       54%         3
 Animate Dead             Necr           0%         N/A       91%         4
 Cause Fear               Hex            0%         N/A       91%         4
 Leda's Liquefaction      Hex/Erth       0%         N/A       91%         4
 Agony                    Necr           1%         N/A       99%         5


Dungeon Overview and Level Annotations

Branches:
Dungeon (5/15)
 Temple: D:4-7

Altars:
Ashenzari
Cheibriados
Dithmenos
Gozag
Sif Muna
Xom
The Shining One


Innate Abilities, Weirdness & Mutations

You can spit globs of acid.
Your golden yellow scales are hard. (AC +6)
You cannot fit into any form of body armour.
You are cold-blooded and may be slowed by cold attacks.
You are resistant to acid. (rCorr)


Message History

The orc shouts!
You hear a shout!
An orc priest comes into view.
You hear a shout!
You hear a shout!
You hear a bark!
The orc priest invokes the aid of Beogh against you.
Beogh smites you!
You hear a shout!
The orc misses you.
You punch the orc!
You kill the orc!
The orc priest looks encouraged for a moment.
Things that are here:
7 gold pieces; a +0 whip You punch the orc priest!
You tail-slap the orc priest.
You kill the orc priest!
An orc warrior comes into view. It is wielding a +0 flail.
Things that are here:
6 gold pieces; a +0 ring mail 2 orcs come into view.
The orc shouts! x2
You block the orc warrior's attack.
Things that are here:
6 gold pieces; a +0 ring mail
Press: ? - help, Shift-Dir - straight line, f - orc warrior
Aim: an orc warrior, wielding a +0 flail and wearing a +0 plate armour You spit a glob of acid.
The glob of acid hits the orc warrior but does no damage.
The orc warrior hits you with a +0 flail!!
You completely miss the orc warrior. You closely miss the orc warrior.
Your tail-slap misses the orc warrior.
The orc warrior becomes distracted by the nearby gold, dreaming of imaginary riches.
The orc warrior shouts!
You hit the orc warrior but do no damage.
The orc warrior is no longer distracted by gold.
The orc warrior hits you with a +0 flail!
* * * LOW HITPOINT WARNING * * *
You barely miss the orc warrior.
The orc warrior hits you with a +0 flail!
You die...
Your body crumbles into a pile of gold.

#.# #.#
#.# #.#
#.# #.#
#.# #.#
#.# #.#
..# #.#
#.# ###
#.# #.#
#.# #.#
#$# #@#
#o#
o.o....o#
#########


You could see an orc warrior and an orc.

Vanquished Creatures
  A warg (D:4)
  A sky beast (D:4)
  2 ogres
  A scorpion (D:4)
  A howler monkey (D:3)
  3 vampire bats (D:3)
  A bullfrog zombie (D:5)
  4 orc priests
  2 hounds (D:4)
  Jessica (D:2)
  8 orc wizards
  Natasha (thrice) (D:2)
  Terence (D:3)
  A hound skeleton (D:4)
  A howler monkey skeleton (D:4)
  3 gnolls (D:2)
  7 adders
  An ooze (D:3)
  4 worms
  6 dart slugs
  8 leopard geckos
  12 orcs
  4 giant cockroaches
  9 goblins
  12 hobgoblins
  A jackal (D:2)
  3 quokkas
  3 ball pythons
  14 bats
  8 frilled lizards
  7 kobolds
  8 rats
141 creatures vanquished.

Vanquished Creatures (others)
  5 dream sheep (D:4)
5 creatures vanquished.

Grand Total: 146 creatures vanquished

Notes
Turn   | Place    | Note
-------+----------+-------------------------------------------
     0 | D:1      | night the Draconian Transmuter began the quest for the Orb.
     0 | D:1      | Reached XP level 1. HP: 16/16 MP: 3/3
   117 | D:1      | Found a broken altar of Ashenzari.
   370 | D:1      | Reached XP level 2. HP: 23/23 MP: 1/5
  1237 | D:2      | Found a shimmering blue altar of Sif Muna.
  1253 | D:2      | Reached XP level 3. HP: 28/28 MP: 4/6
  1412 | D:2      | Noticed Jessica
  1421 | D:2      | Reached skill level 4 in Unarmed Combat
  1427 | D:2      | Killed Jessica
  1564 | D:2      | Reached XP level 4. HP: 23/35 MP: 5/7
  1690 | D:2      | Learned a level 2 spell: Wereblood
  1694 | D:2      | Learned a level 3 spell: Spider Form
  1788 | D:2      | Noticed Natasha
  1804 | D:2      | Killed Natasha
  2184 | D:2      | Noticed Natasha
  2189 | D:2      | Killed Natasha
  2190 | D:2      | Reached skill level 5 in Unarmed Combat
  2190 | D:2      | Reached XP level 5. HP: 40/40 MP: 6/8
  2544 | D:2      | Noticed Natasha
  2556 | D:2      | Killed Natasha
  2889 | D:3      | Reached XP level 6. HP: 47/47 MP: 6/9
  2891 | D:3      | Reached skill level 6 in Unarmed Combat
  3028 | D:3      | HP: 5/47 [hobgoblin (4)]
  4010 | D:3      | Noticed Terence
  4022 | D:3      | Killed Terence
  4467 | D:4      | Your scales start taking on a golden yellow colour.
  4467 | D:4      | Reached XP level 7. HP: 36/52 MP: 6/10
  4467 | D:4      | Gained mutation: You are resistant to acid. (rCorr) [Yellow
                  | Draconian growth]
  4488 | D:4      | Reached skill level 7 in Unarmed Combat
  4756 | D:4      | Found a shadowy altar of Dithmenos.
  4781 | D:4      | Reached skill level 5 in Transmutations
  5390 | D:4      | Found a snail-covered altar of Cheibriados.
  5393 | D:4      | Found an opulent altar of Gozag.
  5394 | D:4      | Found a glowing golden altar of the Shining One.
  5403 | D:4      | Became a worshipper of Gozag Ym Sagoz the Greedy
  5462 | D:4      | Reached skill level 8 in Unarmed Combat
  5462 | D:4      | Reached XP level 8. HP: 59/59 MP: 11/11
  5915 | D:4      | Noticed a dream sheep
  5915 | D:4      | Noticed a dream sheep
  5915 | D:4      | Noticed a dream sheep
  5915 | D:4      | Noticed a dream sheep
  5915 | D:4      | Noticed a dream sheep
  5915 | D:4      | Found a shimmering altar of Xom.
  5916 | D:4      | Killed a dream sheep
  5916 | D:4      | Killed a dream sheep
  5916 | D:4      | Killed a dream sheep
  5916 | D:4      | Killed a dream sheep
  5916 | D:4      | Killed a dream sheep
  5917 | D:4      | Reached skill level 9 in Unarmed Combat
  6127 | D:5      | Entered Level 5 of the Dungeon
  6250 | D:5      | Slain by an orc warrior

Illustrated notes

Levels and vault maps discovered:
D:1:      sevenhm_arrival_forest_fort_small_3, layout_rooms,
          nicolae_ashenzari_panopticon
D:2:      minmay_chambers_of_ones, layout_loops_ring, overflow_temple_1_default,
          uniq_jessica, uniq_natasha
D:3:      layout_basic, roderic_batcave, nrook_loot_triangle, uniq_terence
D:4:      layout_gridville, minitemple, kb_xom_exploding_sheep,
          old_standard_altar, st_stairs_2
D:5:      layout_loops_ring, abandoned_shop

Skill      XL: |  1  2  3  4  5  6  7  8 |
---------------+-------------------------+-----
Unarmed Combat | 4 5 6 8 9 |  9.5
Transmutations | 3 4 5 6 |  6.6
Fighting       | |  1.1
Dodging        | |  1.7
Spellcasting   | |  2.0

Action                   |  1- 3 |  4- 6 |  7- 9 || total
-------------------------+-------+-------+-------++-------
Melee: Unarmed           |    98 |   195 |   172 ||   465
       Headbutt          |     8 |    26 |    11 ||    45
       Kick              |     7 |    26 |    20 ||    53
       Tailslap          |     7 |    13 |    18 ||    38
       Punch             |     1 |     2 |     1 ||     4
 Cast: Beastly Appendage |    21 |    37 |    14 ||    72
       Wereblood         |       |     5 |     1 ||     6
 Abil: Breathe Acid      |       |       |     4 ||     4
Evoke: Wand              |       |       |     5 ||     5
  Use: Scroll            |       |     8 |       ||     8
       Potion            |       |       |     5 ||     5
 Stab: Sleeping          |       |     1 |     1 ||     2
       Distracted        |       |       |     1 ||     1
Armor: Skin              |    15 |    42 |    40 ||    97
Dodge: Dodged            |    41 |    98 |    58 ||   197
Block: Other             |     7 |    36 |    21 ||    64
       Reflection        |       |     3 |       ||     3

Table legend: (Time is in decaauts)
 A = Elapsed time spent in this place.
 B = Non-inter-level travel time spent in this place.
 C = Inter-level travel time spent in this place.
 D = Time resting spent in this place.
 E = Time spent auto-exploring this place.
 F = Levels seen in this place.
 G = Mean time per level.
                   A        B        C        D        E       F      G
               +--------+--------+--------+--------+--------+-----+--------+
         Total |   6211 |   6138 |     73 |    673 |   4354 |   5 | 1242.2 |
       Dungeon |   6211 |   6138 |     73 |    673 |   4354 |   5 | 1242.2 |
               +--------+--------+--------+--------+--------+-----+--------+

Top non-repeatable levels by time:
     D:4: 1673 daAuts
     D:2: 1654 daAuts
     D:3: 1560 daAuts
     D:1: 1203 daAuts
     D:5: 120 daAuts
